Flames vs Penguins

Created - February 22, 2017 at 17:36

Goals
1 2 3 T
Flames 1 2 1 4
Penguins 1 0 2 3
Shots
1 2 3 T
Flames 8 8 13 29
Penguins 7 4 11 22

1st period

1. Penguins , Ryan Suter 4 (Phil Kessel, Victor Hedman) at 3:53 (PP)
2. Flames , Dustin Brown 15 (Jarret Stoll, Devante Smith-Pelly) at 4:25

Penalties :
Gabriel Bourque (CGY) for Roughing (Minor) at 2:29, Phil Kessel (PIT) for High sticking (Minor) at 5:03, Victor Hedman (PIT) for Hooking (Minor) at 5:13, Jakub Voracek (PIT) for Tripping (Minor) at 8:26, Adam Lowry (CGY) for Holding (Minor) at 13:05

2nd period

3. Flames , James van Riemsdyk 15 (Adam Lowry, Jared Spurgeon) at 9:56 (PP)
4. Flames , Devante Smith-Pelly 11 (Alec Martinez) at 10:47

Penalties :
Mark Giordano (PIT) for Boarding (Double Minor) at 5:26, Ryan Suter (PIT) for Tripping (Minor) at 9:02

3rd period

5. Penguins , Alexander Wennberg 13 (Nathan MacKinnon, Ryan Suter) at 1:50 (PP)
6. Penguins , William Nylander 17 (Brandon Saad, Jakub Voracek) at 4:19 (PP)
7. Flames , James van Riemsdyk 16 (Adam Lowry, Justin Faulk) at 5:52 (PP)

Penalties :
Jarret Stoll (CGY) for Tripping (Minor) at 1:34, Peter Holland (CGY) for Holding (Minor) at 3:39, Nathan MacKinnon (PIT) for Cross-checking (Minor) at 4:24, Josh Gorges (CGY) for Cross-checking (Minor) at 6:49, Dustin Brown (CGY) for Goalie Interference (Minor) at 13:20

Goalie Stats

Mike Smith (CGY), 19 saves from 22 shots - (0.864), W, 9-9-0, 60:00 minutes
Ryan Miller (PIT), 25 saves from 29 shots - (0.862), L, 17-22-3, 59:06 minutes

Players Stats for Flames

Player Name              G  A  P  +/- PIM S  H  SB GA TA FO     MP     PP MP  PK MP  
------------------------------------------------------------------------------------
Adam Lowry               0  2  2   0  2   1  2  0  0  0  17/25  17:44   3:45   0:00 
Alec Martinez            0  1  1   2  0   1  5  0  0  0  0/0    25:48   5:29   3:13 
Andrej Nestrasil         0  0  0   0  0   0  0  0  0  0  1/4     3:06   0:00   0:00 
Brady Skjei              0  0  0   0  0   0  1  1  0  0  0/0    10:37   0:00   0:23 
Daniel Carr              0  0  0   0  0   0  0  0  0  0  1/1     0:20   0:20   0:00 
Devante Smith-Pelly      1  1  2   2  0   1  0  0  0  0  0/0    10:50   0:16   0:00 
Dustin Brown             1  0  1   2  2   3  0  0  0  0  1/1    10:49   0:16   0:00 
Gabriel Bourque          0  0  0   0  2   0  1  0  0  0  0/1     3:31   0:00   0:26 
James van Riemsdyk       2  0  2   0  0   9  0  0  0  0  5/10   25:56   3:49   5:01 
Jared Spurgeon           0  1  1   0  0   0  0  1  0  0  0/0    23:19   4:21   4:41 
Jarome Iginla            0  0  0   0  0   0  1  1  0  0  0/1    22:29   6:01   2:31 
Jarret Stoll             0  1  1   2  2   2  2  1  0  0  5/13   11:40   0:00   1:07 
John Carlson             0  0  0   2  0   2  0  0  0  0  0/0    25:31   5:12   3:13 
Josh Gorges              0  0  0   0  2   1  2  0  0  0  0/0    11:02   0:49   0:00 
Justin Faulk             0  1  1   0  0   1  3  2  0  0  0/0    23:42   4:21   5:04 
Kyle Palmieri            0  0  0   0  0   2  3  0  0  0  1/3    22:29   6:01   2:31 
Peter Holland            0  0  0   0  2   2  0  0  0  0  16/27  19:57   6:01   0:00 
Shane Doan               0  0  0   0  0   4  0  0  0  0  1/1    22:47   3:49   4:58 

Players Stats for Penguins

Player Name              G  A  P  +/- PIM S  H  SB GA TA FO     MP     PP MP  PK MP  
------------------------------------------------------------------------------------
Alexander Wennberg       1  0  1   0  0   4  1  0  0  0  14/28  17:58   4:20   0:00 
Brandon Saad             0  1  1  -1  0   3  0  0  0  0  0/2    18:21   3:57   0:16 
Daniel Paille            0  0  0   0  0   1  0  0  0  0  0/0     6:13   0:00   2:45 
David Perron             0  0  0  -1  0   1  1  0  0  0  0/1    14:17   0:00   4:53 
David Savard             0  0  0   0  0   0  3  2  0  0  0/0    22:15   3:51   5:01 
Jacob De La Rose         0  0  0   0  0   0  0  0  0  0  0/2     3:44   0:00   0:16 
Jakub Voracek            0  1  1  -1  2   1  1  0  0  0  0/1    18:04   3:57   0:00 
Luke Glendening          0  0  0  -1  0   1  0  0  0  0  8/23   15:51   0:00   6:27 
Mark Barberio            0  0  0  -1  0   0  2  0  0  0  0/0    14:30   0:41   0:55 
Mark Giordano            0  0  0   0  4   3  0  1  0  0  0/0    21:37   3:51   4:02 
Nathan MacKinnon         0  1  1   0  2   1  1  0  0  0  1/1    18:56   4:20   0:00 
Oliver Bjorkstrand       0  0  0   0  0   2  0  0  0  0  0/0     3:28   0:00   0:00 
Olli Maatta              0  0  0  -1  0   0  7  0  0  0  0/0    12:11   0:00   0:16 
Phil Kessel              0  1  1   0  2   2  2  0  0  0  0/1    18:56   4:20   0:00 
Ryan Callahan            0  0  0  -1  0   0  0  0  0  0  2/4    13:46   0:00   3:23 
Ryan Suter               1  1  2  -1  2   2  2  0  0  0  0/0    24:57   4:26   5:11 
Victor Hedman            0  1  1  -1  2   0  4  2  0  0  0/0    24:27   3:45   4:45 
William Nylander         1  0  1  -1  0   1  0  0  0  0  14/24  18:05   3:57   0:00 

3 Stars

1 - James van Riemsdyk (CGY)
2 - Devante Smith-Pelly (CGY)
3 - Alec Martinez (CGY)

Power Play

Flames - 2 on 7 Attempt(s) - 28.57%
Penguins - 3 on 6 Attempt(s) - 50.00%

Penalty Kill

Flames - 3 on 6 Attempt(s) - 50.00% - Score 0 goal in Penalty Kill
Penguins - 5 on 7 Attempt(s) - 71.43% - Score 0 goal in Penalty Kill

Team Stat

Flames - Hits : 20 - Faceoff Wins : 48 - Blocked Shots : 6 - Penalty Minutes : 12
Penguins - Hits : 24 - Faceoff Wins : 39 - Blocked Shots : 5 - Penalty Minutes : 14

Official

Referees : Dave Lewis and Kyle Rehman
Linesman : Mark Shewchyk and Scott Cherrey

Game Notes

No Game Note

Finance

Level 1 -- Attendance: 4459 (68.60%) -- Ticket Income $557,375
Level 2 -- Attendance: 3683 (73.66%) -- Ticket Income $302,006
Level 3 -- Attendance: 2582 (73.77%) -- Ticket Income $154,920
Level 4 -- Attendance: 1979 (82.91%) -- Ticket Income $94,992
Luxury Box -- Attendance: 1000 (100.00%) -- Ticket Income $190,000
Game was played at the Consol Energy Center.
Total Attendance: 13703 (74.53%)
Total Ticket Income: $1,299,293
Other Income: $194,894
Total Income: $1,494,187

% Time on Ice - Flames

Lines # - Real PCT - Wanted PCT - Time Play
Normal Forward
1 - 34% - 40% - 14:00
2 - 34% - 30% - 13:57
3 - 25% - 20% - 10:34
4 - 7% - 10% - 3:06
Normal Defense
1 - 40% - 40% - 16:30
2 - 34% - 30% - 14:17
3 - 25% - 20% - 10:14
4 - 1% - 10% - 0:36
PP Forward
1 - 38% - 60% - 3:49
2 - 62% - 40% - 6:17
PP Defense
1 - 57% - 60% - 5:45
2 - 43% - 40% - 4:21
PK Forward
1 - 70% - 60% - 5:46
2 - 30% - 40% - 2:31
PK Defense
1 - 39% - 60% - 3:13
2 - 61% - 40% - 5:04
PK3 Forward
1 - 0% - 60%
2 - 0% - 40%
PK3 Defense
1 - 0% - 60%
2 - 0% - 40%
44 Forward
1 - 0% - 60%
2 - 0% - 40%
44 Defense
1 - 0% - 60%
2 - 0% - 40%
Last Minute Offensive  - 0:00
Last Minute Defensive  - 0:00
Total
Forward - 60:00
Defense - 60:00

% Time on Ice - Penguins

Lines # - Real PCT - Wanted PCT - Time Play
Normal Forward
1 - 34% - 33% - 13:38
2 - 35% - 33% - 14:08
3 - 23% - 23% - 9:24
4 - 9% - 11% - 3:28
Normal Defense
1 - 37% - 40% - 14:58
2 - 34% - 35% - 13:45
3 - 29% - 25% - 11:55
4 - 0% - 0% - 0:00
PP Forward
1 - 52% - 60% - 4:20
2 - 48% - 40% - 3:57
PP Defense
1 - 54% - 60% - 4:26
2 - 46% - 40% - 3:51
PK Forward
1 - 65% - 60% - 5:09
2 - 35% - 40% - 2:45
PK Defense
1 - 69% - 60% - 5:28
2 - 31% - 40% - 2:26
PK3 Forward
1 - 71% - 60% - 1:34
2 - 29% - 40% - 0:38
PK3 Defense
1 - 69% - 60% - 1:31
2 - 31% - 40% - 0:41
44 Forward
1 - 0% - 60%
2 - 0% - 40%
44 Defense
1 - 0% - 60%
2 - 0% - 40%
Last Minute Offensive  - 0:59
Last Minute Defensive  - 0:00
Total
Forward - 60:00
Defense - 60:00

Play by Play

1st period


0:01 of 1st period - Alexander Wennberg wins face-off versus Adam Lowry in neutral zone.
0:24 of 1st period - Icing by John Carlson.
0:25 of 1st period - Adam Lowry wins face-off versus William Nylander in Flames zone.
0:41 of 1st period - Icing by Brandon Saad.
0:42 of 1st period - Peter Holland wins face-off versus William Nylander in Penguins zone.
1:53 of 1st period - Shot by Luke Glendening.
1:53 of 1st period - Stopped by Mike Smith without a rebound.
1:54 of 1st period - Nathan MacKinnon wins face-off versus Andrej Nestrasil in Flames zone.
1:54 of 1st period - Ryan Suter is hit by Alec Martinez and loses puck.
2:10 of 1st period - Phil Kessel is hit by Alec Martinez and loses puck.
2:21 of 1st period - Shot by Andrej Nestrasil.
2:21 of 1st period - Shot Misses the Net.
2:28 of 1st period - Ryan Suter is hit by Gabriel Bourque and loses puck.
2:29 of 1st period - Minor Penalty to Gabriel Bourque for Roughing.
2:30 of 1st period - James van Riemsdyk wins face-off versus William Nylander in Flames zone.
2:45 of 1st period - Shot by Jakub Voracek.
2:45 of 1st period - Stopped by Mike Smith with a rebound.
2:55 of 1st period - Shot by William Nylander.
2:55 of 1st period - Shot Misses the Net.
3:25 of 1st period - Icing by Victor Hedman.
3:26 of 1st period - Alexander Wennberg wins face-off versus James van Riemsdyk in Penguins zone.
3:35 of 1st period - Shot by Phil Kessel.
3:35 of 1st period - Shot Misses the Net.
3:53 of 1st period - Shot by Ryan Suter.
3:53 of 1st period - Goal by Ryan Suter - Flames : 0 - Penguins : 1.
3:54 of 1st period - Dustin Brown wins face-off versus Luke Glendening in neutral zone.
4:16 of 1st period - Dustin Brown is hit by Olli Maatta and loses puck.
4:23 of 1st period - Shot by Jarret Stoll.
4:23 of 1st period - Stopped by Ryan Miller with a rebound.
4:25 of 1st period - Shot by Dustin Brown.
4:25 of 1st period - Goal by Dustin Brown - Flames : 1 - Penguins : 1.
4:26 of 1st period - Peter Holland wins face-off versus Jacob De La Rose in neutral zone.
5:01 of 1st period - Shot by Daniel Paille.
5:01 of 1st period - Stopped by Mike Smith without a rebound.
5:02 of 1st period - Adam Lowry wins face-off versus Alexander Wennberg in Flames zone.
5:02 of 1st period - Adam Lowry is hit by Phil Kessel.
5:03 of 1st period - Minor Penalty to Phil Kessel for High sticking.
5:04 of 1st period - Adam Lowry wins face-off versus Luke Glendening in Penguins zone.
5:04 of 1st period - Adam Lowry is hit by Victor Hedman.
5:13 of 1st period - Minor Penalty to Victor Hedman for Hooking.
5:14 of 1st period - Luke Glendening wins face-off versus Adam Lowry in Penguins zone.
5:33 of 1st period - Icing by Alec Martinez.
5:34 of 1st period - Adam Lowry wins face-off versus Luke Glendening in Flames zone.
6:03 of 1st period - Shot by John Carlson.
6:03 of 1st period - Stopped by Ryan Miller without a rebound.
6:04 of 1st period - Peter Holland wins face-off versus Luke Glendening in Penguins zone.
6:11 of 1st period - Shot by Kyle Palmieri.
6:11 of 1st period - Stopped by Ryan Miller with a rebound.
6:55 of 1st period - Icing by Justin Faulk.
6:56 of 1st period - Ryan Callahan wins face-off versus Peter Holland in Flames zone.
7:26 of 1st period - Shot by Nathan MacKinnon.
7:26 of 1st period - Shot Misses the Net.
8:11 of 1st period - Icing by Ryan Suter.
8:12 of 1st period - Jarret Stoll wins face-off versus William Nylander in Penguins zone.
8:12 of 1st period - Devante Smith-Pelly is hit by Victor Hedman and loses puck.
8:26 of 1st period - Minor Penalty to Jakub Voracek for Tripping.
8:27 of 1st period - Kyle Palmieri wins face-off versus Luke Glendening in Penguins zone.
8:28 of 1st period - Shot by Justin Faulk.
8:28 of 1st period - Stopped by Ryan Miller without a rebound.
8:29 of 1st period - Luke Glendening wins face-off versus Peter Holland in Penguins zone.
9:11 of 1st period - Icing by Jared Spurgeon.
9:12 of 1st period - Ryan Callahan wins face-off versus Peter Holland in Flames zone.
9:59 of 1st period - Shot by John Carlson.
9:59 of 1st period - Shot Misses the Net.
10:01 of 1st period - Shot by Alec Martinez.
10:01 of 1st period - Stopped by Ryan Miller with a rebound.
10:03 of 1st period - Shot by Adam Lowry.
10:03 of 1st period - Shot Misses the Net.
10:26 of 1st period - Icing by Peter Holland.
10:27 of 1st period - William Nylander wins face-off versus Jarret Stoll in Flames zone.
10:27 of 1st period - Olli Maatta is hit by Josh Gorges and loses puck.
10:45 of 1st period - Dustin Brown is hit by Olli Maatta and loses puck.
10:50 of 1st period - Shot by Devante Smith-Pelly.
10:50 of 1st period - Shot Misses the Net.
10:52 of 1st period - Shot by Dustin Brown.
10:52 of 1st period - Shot Misses the Net.
10:58 of 1st period - Shot by Jarret Stoll.
10:58 of 1st period - Stopped by Ryan Miller with a rebound.
11:38 of 1st period - Shot by Nathan MacKinnon.
11:38 of 1st period - Stopped by Mike Smith without a rebound.
11:39 of 1st period - Peter Holland wins face-off versus Jacob De La Rose in Flames zone.
13:05 of 1st period - Minor Penalty to Adam Lowry for Holding.
13:06 of 1st period - James van Riemsdyk wins face-off versus Alexander Wennberg in Flames zone.
14:10 of 1st period - Shot by James van Riemsdyk.
14:10 of 1st period - Stopped by Ryan Miller with a rebound.
14:49 of 1st period - Shot by David Savard.
14:49 of 1st period - Shot Misses the Net.
14:51 of 1st period - Shot by David Savard.
14:51 of 1st period - Shot Blocked by Brady Skjei.
14:53 of 1st period - Shot by Nathan MacKinnon.
14:53 of 1st period - Shot Blocked by Jarome Iginla.
14:55 of 1st period - Shot by Alexander Wennberg.
14:55 of 1st period - Stopped by Mike Smith with a rebound.
16:18 of 1st period - Shot by William Nylander.
16:18 of 1st period - Shot Misses the Net.
16:38 of 1st period - Shot by Daniel Paille.
16:38 of 1st period - Deflect By Oliver Bjorkstrand.
16:38 of 1st period - Stopped by Mike Smith without a rebound.
16:39 of 1st period - Alexander Wennberg wins face-off versus James van Riemsdyk in Flames zone.
16:48 of 1st period - Shot by Nathan MacKinnon.
16:48 of 1st period - Shot Misses the Net.
17:37 of 1st period - Icing by James van Riemsdyk.
17:38 of 1st period - Luke Glendening wins face-off versus Adam Lowry in Flames zone.
17:57 of 1st period - Ryan Suter is hit by Kyle Palmieri and loses puck.
18:09 of 1st period - David Perron is hit by Justin Faulk and loses puck.
18:22 of 1st period - Luke Glendening is hit by Kyle Palmieri and loses puck.
18:42 of 1st period - Icing by Ryan Suter.
18:43 of 1st period - Luke Glendening wins face-off versus Gabriel Bourque in Penguins zone.
19:28 of 1st period - Victor Hedman is hit by Alec Martinez.
19:45 of 1st period - Icing by Alec Martinez.
19:46 of 1st period - Jarret Stoll wins face-off versus Alexander Wennberg in Flames zone.
19:57 of 1st period - Shot by Dustin Brown.
19:57 of 1st period - Shot Blocked by David Savard.
19:59 of 1st period - Shot by John Carlson.
19:59 of 1st period - Shot Misses the Net.
Goals for this period are 1 for Flames vs 1 for Penguins.
Shots for this period are 8 for Flames vs 7 for Penguins.

2nd period


0:01 of 2nd period - Adam Lowry wins face-off versus William Nylander in neutral zone.
0:30 of 2nd period - Shot by Shane Doan.
0:30 of 2nd period - Stopped by Ryan Miller without a rebound.
0:31 of 2nd period - Alexander Wennberg wins face-off versus Peter Holland in Penguins zone.
0:33 of 2nd period - Icing by Phil Kessel.
0:34 of 2nd period - Alexander Wennberg wins face-off versus Jarome Iginla in Penguins zone.
1:01 of 2nd period - Shot by Phil Kessel.
1:01 of 2nd period - Shot Misses the Net.
1:25 of 2nd period - Icing by Mark Barberio.
1:26 of 2nd period - Adam Lowry wins face-off versus Alexander Wennberg in Penguins zone.
1:26 of 2nd period - Adam Lowry is hit by Olli Maatta.
1:36 of 2nd period - Shane Doan is hit by Olli Maatta and loses puck.
1:53 of 2nd period - Shot by Jakub Voracek.
1:53 of 2nd period - Shot Blocked by Jared Spurgeon.
2:10 of 2nd period - Icing by Justin Faulk.
2:11 of 2nd period - Shane Doan wins face-off versus Luke Glendening in Flames zone.
2:30 of 2nd period - David Perron is hit by Justin Faulk and loses puck.
3:47 of 2nd period - Shot by William Nylander.
3:47 of 2nd period - Shot Misses the Net.
3:49 of 2nd period - Shot by Jakub Voracek.
3:49 of 2nd period - Shot Misses the Net.
4:42 of 2nd period - Kyle Palmieri is hit by Olli Maatta and loses puck.
4:56 of 2nd period - Icing by Phil Kessel.
4:57 of 2nd period - Jarret Stoll wins face-off versus Alexander Wennberg in Penguins zone.
4:59 of 2nd period - Devante Smith-Pelly is hit by Mark Barberio and loses puck.
5:25 of 2nd period - Jarret Stoll is hit by David Savard and loses puck.
5:26 of 2nd period - Double Minor Penalty to Mark Giordano for Boarding.
5:27 of 2nd period - Luke Glendening wins face-off versus Peter Holland in Penguins zone.
5:37 of 2nd period - Icing by Jarome Iginla.
5:38 of 2nd period - Peter Holland wins face-off versus Luke Glendening in Flames zone.
6:25 of 2nd period - Shot by John Carlson.
6:25 of 2nd period - Shot Blocked by David Savard.
6:27 of 2nd period - Shot by Josh Gorges.
6:27 of 2nd period - Stopped by Ryan Miller without a rebound.
6:28 of 2nd period - Peter Holland wins face-off versus Ryan Callahan in Penguins zone.
7:00 of 2nd period - Off-side.
7:01 of 2nd period - Luke Glendening wins face-off versus Adam Lowry in neutral zone.
7:06 of 2nd period - Icing by Shane Doan.
7:07 of 2nd period - Adam Lowry wins face-off versus Luke Glendening in Flames zone.
8:24 of 2nd period - Daniel Paille is hit by Jarome Iginla and loses puck.
8:45 of 2nd period - Shot by Shane Doan.
8:45 of 2nd period - Stopped by Ryan Miller without a rebound.
8:46 of 2nd period - Daniel Carr wins face-off versus Luke Glendening in Penguins zone.
8:49 of 2nd period - Shot by Shane Doan.
8:49 of 2nd period - Stopped by Ryan Miller without a rebound.
8:50 of 2nd period - Adam Lowry wins face-off versus Ryan Callahan in Penguins zone.
9:01 of 2nd period - Shot by Shane Doan.
9:01 of 2nd period - Shot Hit the Post.
9:02 of 2nd period - Minor Penalty to Ryan Suter for Tripping.
9:03 of 2nd period - Peter Holland wins face-off versus Luke Glendening in Penguins zone.
9:56 of 2nd period - Shot by James van Riemsdyk.
9:56 of 2nd period - Goal by James van Riemsdyk - Flames : 2 - Penguins : 1.
9:57 of 2nd period - William Nylander wins face-off versus Jarret Stoll in neutral zone.
10:14 of 2nd period - Shot by Brandon Saad.
10:14 of 2nd period - Stopped by Mike Smith without a rebound.
10:15 of 2nd period - Alexander Wennberg wins face-off versus Andrej Nestrasil in Flames zone.
10:27 of 2nd period - Shot by Alexander Wennberg.
10:27 of 2nd period - Stopped by Mike Smith without a rebound.
10:28 of 2nd period - William Nylander wins face-off versus Jarret Stoll in Flames zone.
10:47 of 2nd period - Shot by Devante Smith-Pelly.
10:47 of 2nd period - Goal by Devante Smith-Pelly - Flames : 3 - Penguins : 1.
10:48 of 2nd period - Alexander Wennberg wins face-off versus Adam Lowry in neutral zone.
10:56 of 2nd period - Off-side.
10:57 of 2nd period - William Nylander wins face-off versus Adam Lowry in neutral zone.
11:10 of 2nd period - Icing by John Carlson.
11:11 of 2nd period - Adam Lowry wins face-off versus Alexander Wennberg in Flames zone.
11:51 of 2nd period - Shot by James van Riemsdyk.
11:51 of 2nd period - Shot Misses the Net.
12:58 of 2nd period - Justin Faulk is hit by Olli Maatta.
13:00 of 2nd period - Shot by Kyle Palmieri.
13:00 of 2nd period - Deflect By Peter Holland.
13:00 of 2nd period - Shot Misses the Net.
14:56 of 2nd period - Shot by Mark Giordano.
14:56 of 2nd period - Stopped by Mike Smith without a rebound.
14:57 of 2nd period - Andrej Nestrasil wins face-off versus Brandon Saad in Flames zone.
14:57 of 2nd period - Andrej Nestrasil is hit by Jakub Voracek.
15:14 of 2nd period - Off-side.
15:15 of 2nd period - Alexander Wennberg wins face-off versus Jarret Stoll in neutral zone.
15:23 of 2nd period - Nathan MacKinnon is hit by Josh Gorges and loses puck.
15:42 of 2nd period - Shot by Phil Kessel.
15:42 of 2nd period - Stopped by Mike Smith without a rebound.
15:43 of 2nd period - Adam Lowry wins face-off versus Brandon Saad in Flames zone.
16:15 of 2nd period - Shot by Adam Lowry.
16:15 of 2nd period - Stopped by Ryan Miller without a rebound.
16:16 of 2nd period - Alexander Wennberg wins face-off versus Jarret Stoll in Penguins zone.
16:48 of 2nd period - Icing by Josh Gorges.
16:49 of 2nd period - Jarret Stoll wins face-off versus Jakub Voracek in Flames zone.
16:51 of 2nd period - Icing by Devante Smith-Pelly.
16:52 of 2nd period - William Nylander wins face-off versus Jarret Stoll in Flames zone.
17:11 of 2nd period - Shot by Dustin Brown.
17:11 of 2nd period - Shot Misses the Net.
17:15 of 2nd period - Shot by Devante Smith-Pelly.
17:15 of 2nd period - Shot Misses the Net.
17:33 of 2nd period - Shot by James van Riemsdyk.
17:33 of 2nd period - Shot Hit the Post.
17:41 of 2nd period - Shot by Shane Doan.
17:41 of 2nd period - Stopped by Ryan Miller without a rebound.
17:42 of 2nd period - Alexander Wennberg wins face-off versus Andrej Nestrasil in Penguins zone.
18:07 of 2nd period - Shot by James van Riemsdyk.
18:07 of 2nd period - Deflect By Gabriel Bourque.
18:07 of 2nd period - Shot Blocked by Mark Giordano.
Goals for this period are 2 for Flames vs 0 for Penguins.
Shots for this period are 8 for Flames vs 4 for Penguins.

3rd period


0:01 of 3rd period - Adam Lowry wins face-off versus William Nylander in neutral zone.
0:04 of 3rd period - Shot by John Carlson.
0:04 of 3rd period - Stopped by Ryan Miller without a rebound.
0:05 of 3rd period - William Nylander wins face-off versus Adam Lowry in Penguins zone.
0:10 of 3rd period - David Savard is hit by Adam Lowry and loses puck.
0:14 of 3rd period - Icing by Mark Giordano.
0:15 of 3rd period - Peter Holland wins face-off versus William Nylander in Penguins zone.
0:53 of 3rd period - Mark Giordano is hit by Alec Martinez and loses puck.
0:58 of 3rd period - Shot by Mark Giordano.
0:58 of 3rd period - Stopped by Mike Smith without a rebound.
0:59 of 3rd period - Adam Lowry wins face-off versus Alexander Wennberg in Flames zone.
0:59 of 3rd period - Adam Lowry is hit by Alexander Wennberg.
1:10 of 3rd period - Shot by James van Riemsdyk.
1:10 of 3rd period - Stopped by Ryan Miller with a rebound.
1:12 of 3rd period - Shot by Shane Doan.
1:12 of 3rd period - Shot Misses the Net.
1:15 of 3rd period - Adam Lowry is hit by Victor Hedman.
1:19 of 3rd period - Shot by James van Riemsdyk.
1:19 of 3rd period - Stopped by Ryan Miller without a rebound.
1:20 of 3rd period - Jarret Stoll wins face-off versus Luke Glendening in Penguins zone.
1:34 of 3rd period - Minor Penalty to Jarret Stoll for Tripping.
1:35 of 3rd period - Alexander Wennberg wins face-off versus James van Riemsdyk in Flames zone.
1:50 of 3rd period - Shot by Alexander Wennberg.
1:50 of 3rd period - Goal by Alexander Wennberg - Flames : 3 - Penguins : 2.
1:51 of 3rd period - William Nylander wins face-off versus Peter Holland in neutral zone.
1:56 of 3rd period - Icing by Justin Faulk.
1:57 of 3rd period - William Nylander wins face-off versus Peter Holland in Flames zone.
2:24 of 3rd period - Jarome Iginla is hit by Victor Hedman and loses puck.
2:28 of 3rd period - Kyle Palmieri is hit by Ryan Suter and loses puck.
2:38 of 3rd period - Shot by Peter Holland.
2:38 of 3rd period - Stopped by Ryan Miller without a rebound.
2:39 of 3rd period - Adam Lowry wins face-off versus Alexander Wennberg in Penguins zone.
2:39 of 3rd period - Adam Lowry is hit by David Savard.
3:02 of 3rd period - Mark Giordano is hit by Adam Lowry and loses puck.
3:38 of 3rd period - Icing by Ryan Callahan.
3:39 of 3rd period - Luke Glendening wins face-off versus Peter Holland in Penguins zone.
3:39 of 3rd period - Minor Penalty to Peter Holland for Holding.
3:40 of 3rd period - William Nylander wins face-off versus Kyle Palmieri in Flames zone.
3:49 of 3rd period - Shot by Ryan Suter.
3:49 of 3rd period - Stopped by Mike Smith without a rebound.
3:50 of 3rd period - William Nylander wins face-off versus James van Riemsdyk in Flames zone.
3:55 of 3rd period - Shot by Brandon Saad.
3:55 of 3rd period - Shot Misses the Net.
3:57 of 3rd period - Shot by Victor Hedman.
3:57 of 3rd period - Shot Misses the Net.
4:19 of 3rd period - Shot by William Nylander.
4:19 of 3rd period - Goal by William Nylander - Flames : 3 - Penguins : 3.
4:20 of 3rd period - Peter Holland wins face-off versus Alexander Wennberg in neutral zone.
4:22 of 3rd period - Off-side.
4:23 of 3rd period - Peter Holland wins face-off versus Alexander Wennberg in neutral zone.
4:23 of 3rd period - Peter Holland is hit by Phil Kessel.
4:24 of 3rd period - Minor Penalty to Nathan MacKinnon for Cross-checking.
4:25 of 3rd period - Peter Holland wins face-off versus Luke Glendening in Penguins zone.
4:38 of 3rd period - John Carlson is hit by David Savard and loses puck.
5:52 of 3rd period - Shot by Adam Lowry.
5:52 of 3rd period - Deflect By James van Riemsdyk.
5:52 of 3rd period - Goal by James van Riemsdyk - Flames : 4 - Penguins : 3.
5:53 of 3rd period - William Nylander wins face-off versus Jarret Stoll in neutral zone.
5:57 of 3rd period - Brandon Saad is hit by Brady Skjei and loses puck.
6:49 of 3rd period - Minor Penalty to Josh Gorges for Cross-checking.
6:50 of 3rd period - James van Riemsdyk wins face-off versus Phil Kessel in Flames zone.
7:03 of 3rd period - Shot by Ryan Suter.
7:03 of 3rd period - Shot Misses the Net.
7:05 of 3rd period - Shot by Alexander Wennberg.
7:05 of 3rd period - Shot Misses the Net.
9:00 of 3rd period - Shot by Oliver Bjorkstrand.
9:00 of 3rd period - Stopped by Mike Smith with a rebound.
9:12 of 3rd period - Shot by Dustin Brown.
9:12 of 3rd period - Stopped by Ryan Miller without a rebound.
9:13 of 3rd period - Peter Holland wins face-off versus David Perron in Penguins zone.
9:13 of 3rd period - Jared Spurgeon is hit by Ryan Suter and loses puck.
9:32 of 3rd period - Shot by Luke Glendening.
9:32 of 3rd period - Deflect By Ryan Callahan.
9:32 of 3rd period - Shot Blocked by Justin Faulk.
10:43 of 3rd period - Icing by John Carlson.
10:44 of 3rd period - Adam Lowry wins face-off versus William Nylander in Flames zone.
10:59 of 3rd period - Shot by Brandon Saad.
10:59 of 3rd period - Stopped by Mike Smith without a rebound.
11:00 of 3rd period - Alexander Wennberg wins face-off versus Peter Holland in Flames zone.
11:00 of 3rd period - Alexander Wennberg is hit by Justin Faulk.
11:08 of 3rd period - Shot by Alexander Wennberg.
11:08 of 3rd period - Stopped by Mike Smith without a rebound.
11:09 of 3rd period - William Nylander wins face-off versus Peter Holland in Flames zone.
11:37 of 3rd period - Icing by Jarome Iginla.
11:38 of 3rd period - Peter Holland wins face-off versus Alexander Wennberg in Flames zone.
11:38 of 3rd period - Peter Holland is hit by Nathan MacKinnon.
11:58 of 3rd period - Shot by Peter Holland.
11:58 of 3rd period - Shot Misses the Net.
12:00 of 3rd period - Shot by Jarome Iginla.
12:00 of 3rd period - Shot Blocked by Victor Hedman.
13:04 of 3rd period - Shot by Jakub Voracek.
13:04 of 3rd period - Shot Blocked by Jarret Stoll.
13:06 of 3rd period - Shot by William Nylander.
13:06 of 3rd period - Shot Misses the Net.
13:20 of 3rd period - Minor Penalty to Dustin Brown for Goalie Interference.
13:21 of 3rd period - Alexander Wennberg wins face-off versus James van Riemsdyk in Flames zone.
13:27 of 3rd period - Shot by Phil Kessel.
13:27 of 3rd period - Stopped by Mike Smith without a rebound.
13:28 of 3rd period - James van Riemsdyk wins face-off versus Alexander Wennberg in Flames zone.
13:48 of 3rd period - Icing by Ryan Suter.
13:49 of 3rd period - James van Riemsdyk wins face-off versus Alexander Wennberg in Penguins zone.
15:14 of 3rd period - Shot by Mark Giordano.
15:14 of 3rd period - Shot Blocked by Justin Faulk.
15:16 of 3rd period - Shot by Mark Giordano.
15:16 of 3rd period - Stopped by Mike Smith without a rebound.
15:17 of 3rd period - William Nylander wins face-off versus Kyle Palmieri in Flames zone.
15:22 of 3rd period - Shot by Brandon Saad.
15:22 of 3rd period - Stopped by Mike Smith without a rebound.
15:23 of 3rd period - Luke Glendening wins face-off versus Peter Holland in Flames zone.
15:23 of 3rd period - David Perron is hit by Alec Martinez.
15:29 of 3rd period - Shot by David Perron.
15:29 of 3rd period - Stopped by Mike Smith without a rebound.
15:30 of 3rd period - Peter Holland wins face-off versus Luke Glendening in Flames zone.
15:30 of 3rd period - Peter Holland is hit by David Perron.
15:33 of 3rd period - Icing by John Carlson.
15:34 of 3rd period - Peter Holland wins face-off versus Luke Glendening in Flames zone.
16:08 of 3rd period - Shot by Peter Holland.
16:08 of 3rd period - Shot Blocked by Victor Hedman.
16:10 of 3rd period - Shot by Jarome Iginla.
16:10 of 3rd period - Deflect By Peter Holland.
16:10 of 3rd period - Stopped by Ryan Miller without a rebound.
16:11 of 3rd period - Adam Lowry wins face-off versus William Nylander in Penguins zone.
16:22 of 3rd period - Shot by James van Riemsdyk.
16:22 of 3rd period - Stopped by Ryan Miller without a rebound.
16:23 of 3rd period - Alexander Wennberg wins face-off versus Jarret Stoll in Penguins zone.
16:23 of 3rd period - Alexander Wennberg is hit by Jarret Stoll.
16:36 of 3rd period - Jarret Stoll is hit by Mark Barberio and loses puck.
16:42 of 3rd period - Jarret Stoll is hit by Olli Maatta and loses puck.
16:51 of 3rd period - Shot by Dustin Brown.
16:51 of 3rd period - Stopped by Ryan Miller with a rebound.
16:53 of 3rd period - Shot by Josh Gorges.
16:53 of 3rd period - Shot Misses the Net.
17:07 of 3rd period - Nathan MacKinnon is hit by Jarret Stoll and loses puck.
17:15 of 3rd period - Icing by Mark Barberio.
17:16 of 3rd period - Adam Lowry wins face-off versus Alexander Wennberg in Penguins zone.
17:25 of 3rd period - Shot by James van Riemsdyk.
17:25 of 3rd period - Stopped by Ryan Miller without a rebound.
17:26 of 3rd period - William Nylander wins face-off versus Adam Lowry in Penguins zone.
17:37 of 3rd period - Shot by James van Riemsdyk.
17:37 of 3rd period - Stopped by Ryan Miller with a rebound.
17:39 of 3rd period - Shot by James van Riemsdyk.
17:39 of 3rd period - Shot Misses the Net.
17:41 of 3rd period - Shot by James van Riemsdyk.
17:41 of 3rd period - Stopped by Ryan Miller without a rebound.
17:42 of 3rd period - Peter Holland wins face-off versus Luke Glendening in Penguins zone.
17:51 of 3rd period - Shot by David Perron.
17:51 of 3rd period - Shot Misses the Net.
17:59 of 3rd period - Victor Hedman is hit by Kyle Palmieri and loses puck.
18:04 of 3rd period - Shot by Kyle Palmieri.
18:04 of 3rd period - Stopped by Ryan Miller without a rebound.
18:05 of 3rd period - Adam Lowry wins face-off versus William Nylander in Penguins zone.
19:06 of 3rd period - Penguins, Ryan Miller is pulled from the net.
19:16 of 3rd period - Shot by Ryan Suter.
19:16 of 3rd period - Shot Misses the Net.
Goals for this period are 1 for Flames vs 2 for Penguins.
Shots for this period are 13 for Flames vs 11 for Penguins.